 Dungeon Crawl Stone Soup version 0.28.0-47-ge53b351184 (webtiles) character file.

Game seed: 10412325550193263605

5284 101zpm the Thaumaturge (level 10, -22/60 HPs)
             Began as a Djinni Fire Elementalist on May 1, 2022.
             Was a Follower of Qazlal.
             Shot with an arrow by a centaur warrior (25 damage)
             ... on level 10 of the Dungeon.
             The game lasted 00:23:28 (13831 turns).

101zpm the Thaumaturge (Djinni Fire Elementalist)  Turns: 13831, Time: 00:23:28

Health: -22/60     AC:  8    Str:  7    XL:     10   Next: 94%
Gold:   581        EV: 11    Int: 21    God:    Qazlal [*.....] SH:  7 Dex: 20

rFire   + + .      SeeInvis .   j - +1 mace (protect)
rCold   x . .      Faith    .   (no shield)
rNeg    + . .      Spirit   .   J - +1 ring mail {Will+}
rPois   ∞          Reflect  +   x - +1 helmet
rElec   .          Harm     .   (no cloak)
rCorr   .          Rampage  .   (no gloves)
Will    ++...                   (boots unavailable)
Stlth   ++........              y - amulet of reflection
HPRegen 0.20/turn               l - ring of positive energy
MPRegen 0.00/turn               D - +6 ring of dexterity

@: flying, studying Dodging
A: sickness immunity, fire resistance 2, cold vulnerability 1, float, innate
caster, HP casting, extra vitality 1
a: Renounce Religion


You were on level 10 of the Dungeon.
You worshipped Qazlal.
Qazlal was aware of your devotion.
You visited 2 branches of the dungeon, and saw 11 of its levels.

You collected 581 gold pieces.

Inventory:

Hand Weapons
 j - a +1 mace of protection (weapon)
 v - a +4 flail of draining
Missiles
 s - 286 stones
Armour
 x - a +1 helmet (worn)
 J - a +1 ring mail of willpower (worn)
Jewellery
 l - a ring of positive energy (left hand)
 r - an amulet of faith
 y - an amulet of reflection (around neck)
 A - a ring of wizardry
 D - a +6 ring of dexterity (right hand)
Wands
 k - a wand of digging (15)
 p - a wand of iceblast (15)
 H - a wand of acid (6)
Scrolls
 a - a scroll of enchant weapon {unknown}
 c - a scroll of amnesia {unknown}
 d - a scroll of fear {unknown}
 e - 5 scrolls of noise {unknown}
 g - 4 scrolls of magic mapping {unknown}
 h - a scroll of fog {unknown}
 i - 8 scrolls of identify {unknown}
 n - 3 scrolls of enchant armour
 o - 2 scrolls of teleportation {unknown}
 w - a scroll of silence {unknown}
 B - a scroll of acquirement {unknown}
 C - a scroll of holy word {unknown}
Potions
 b - 3 potions of haste {unknown}
 f - 3 potions of mutation {unknown}
 m - 4 potions of heal wounds {unknown}
 q - 4 potions of curing {unknown}
 t - a potion of ambrosia {unknown}
 u - 2 potions of berserk rage {unknown}
 z - 2 potions of cancellation {unknown}
 E - a potion of lignification {unknown}
 F - a potion of magic {unknown}
 G - 2 potions of brilliance {unknown}
 I - a potion of flight {unknown}


   Skills:
 + Level 0.1 Fighting
 + Level 3.6 Dodging
 + Level 4.8 Stealth
 + Level 1.5 Shields
 + Level 11.3 Spellcasting


You had 8 spell levels left.
You knew the following spells:

 Your Spells              Type           Power      Damage    Failure   Level
a - Foxfire               Conj/Fire      100%       2x1d9     1%          1
b - Scorch                Fire           100%       2d10      1%          2
c - Conjure Flame         Conj/Fire      56%        6-21      1%          3
d - Inner Flame           Hex/Fire       56%        N/A       1%          3
e - Flame Wave            Conj/Fire      56%        2d11      1%          4
f - Beastly Appendage     Tmut           100%       N/A       1%          1
g - Passwall              Tmut/Erth      46%        N/A       1%          2
h - Teleport Other        Tloc           56%        N/A       1%          3
i - Olgreb's Toxic Radia  Pois           56%        N/A       1%          4
Your spell library was empty.

Dungeon Overview and Level Annotations

Branches:
Dungeon (10/15)            Temple (1/1) D:6             Orc (0/2) D:9
   Lair: D:8-11

Altars:
Ashenzari
Cheibriados
Dithmenos
Elyvilon
Fedhas
Gozag
Hepliaklqana
Kikubaaqudgha
Makhleb
Nemelex Xobeh
Okawaru
Qazlal
Ru
Sif Muna
Trog
Uskayaw
Vehumet
Wu Jian
Xom
Yredelemnul
Zin
The Shining One

Shops:
D:4 :

Annotations:
D:4 1 runed translucent door, Crazy Yiuf


Innate Abilities, Weirdness & Mutations

You are immune to sickness and miasma.
You are immune to poison.
Your flesh is very heat resistant. (rF++)
You are vulnerable to cold. (rC-)
You float through the air rather than walking.
You learn spells naturally, not from books.
Your magical power is your life essence.
You have superior vitality. (+4 MHP)


Message History

You hear two shouts!
You hear a bellow!
The centaur warrior zombie is engulfed in blazing flames.
The acid dragon bites you! The acid dragon closely misses you.
Casting: Foxfire (safe; 1% risk of failure)
Confirm with . or Enter, or press ? or * to list all spells.
Flames lash the centaur warrior zombie.
The centaur warrior zombie is moderately damaged.
The centaur warrior zombie's fire resistance burns away.
You hear a shout!
The foxfire hits the acid dragon.
Flame seeps out of the acid dragon.
The acid dragon is lightly wounded.
The foxfire hits the acid dragon.
Flame seeps out of the acid dragon.
The acid dragon is moderately wounded.
The acid dragon is engulfed in blazing flames.
Flame seeps out of the acid dragon.
The acid dragon bites you but does no damage.
You block the acid dragon's attack.
The centaur warrior wields a +0 shortbow.
The centaur warrior shoots an arrow.
The arrow hits you!!
* * * LOW HITPOINT WARNING * * *
Casting: Scorch (safe; 1% risk of failure)
Confirm with . or Enter, or press ? or * to list all spells.
Okay, then.
As you read the scroll labelled CEF CUEKKOU, it crumbles to dust.
It is a scroll of enchant armour.
Your +0 ring mail of willpower glows green for a moment.
The acid dragon is engulfed in blazing flames.
Qazlal accepts your kill.
The acid dragon scales are intact enough to wear.
The acid dragon explodes!
The fiery explosion engulfs the centaur warrior zombie!!!
The centaur warrior zombie is burned terribly!
The centaur warrior zombie is almost destroyed.
The fiery explosion engulfs the centaur warrior!
The centaur warrior is moderately wounded.
The fiery explosion engulfs you! You resist.
* * * LOW HITPOINT WARNING * * *
You hear a shout!
You hear a bellow! x2
The centaur warrior shoots an arrow.
The arrow hits you!!
You die...

##.
#...........#.####
.[..##.##...###..#.##
#......#...#
#.....###
#.###..#...#
#...#.... #..##.##
##....### #..§v.#
#.#(###.
#.#########.#. ##.
#...........#..#..
#@...#####....#...
#§...# #. .###..
#...Zc#### .# #..
#C§§.§. #..
#.l○)##### ##. #..§.
.# #..# .. #.. .# (#
#.


You could see a centaur warrior and a centaur warrior zombie (combustible).

Vanquished Creatures
  Pikel (D:7)
  A gargoyle (D:10)
  A hornet (D:9)
  Prince Ribbit (D:5)
  2 shadows
  5 yaks (D:9)
  A steam dragon (D:3)
  Menkaure (D:5)
  An acid dragon (D:10)
  Edmund (D:6)
  An orc warrior (D:8)
  A black bear (D:5)
  An ogre (D:7)
  4 necrophages
  4 centaurs
  A phantom (D:4)
  2 lemures (D:7)
  A kobold brigand (D:9)
  2 scorpions
  A gnoll sergeant (D:8)
  A water moccasin skeleton (D:7)
  A wyvern skeleton (D:6)
  5 wights (D:7)
  4 killer bees (D:8)
  2 howler monkeys (D:8)
  A centaur zombie (D:5)
  A bullfrog zombie (D:7)
  2 jellies (D:7)
  2 orc priests
  5 hounds
  A centaur skeleton (D:4)
  2 iguanas
  Ijyb (D:4)
  7 orc wizards
  A scorpion zombie (D:5)
  A killer bee zombie (D:7)
  6 adders
  3 gnolls (D:8)
  A white imp (D:7)
  2 ufetubi
  2 dart slugs
  22 orcs
  11 endoplasms
  2 giant cockroaches (D:3)
  5 hobgoblins
  5 jackals (D:1)
  5 quokkas
  8 ball pythons
  4 bats
  6 frilled lizards
  6 goblins
  7 kobolds
  4 rats
169 creatures vanquished.

Vanquished Creatures (collateral kills)
  7 foxfires (D:2)
7 creatures vanquished.

Vanquished Creatures (others)
  1221 foxfires
1221 creatures vanquished.

Grand Total: 1397 creatures vanquished

Notes
Turn   | Place    | Note
-------+----------+-------------------------------------------
     0 | D:1      | 101zpm the Djinni Fire Elementalist began the quest for the
                  | Orb.
     0 | D:1      | Reached XP level 1. HP: 15/15 MP: 0/0
   453 | D:3      | Reached XP level 2. HP: 17/21 MP: 0/0
   837 | D:3      | Reached skill level 3 in Spellcasting
  1052 | D:3      | Reached XP level 3. HP: 22/25 MP: 0/0
  1052 | D:3      | Learned a level 1 spell: Beastly Appendage
  1179 | D:3      | Reached XP level 4. HP: 22/31 MP: 0/0
  1487 | D:3      | Reached XP level 5. HP: 29/35 MP: 0/0
  1487 | D:3      | Learned a level 2 spell: Passwall
  1795 | D:3      | Noticed a steam dragon
  1800 | D:3      | Killed a steam dragon
  1801 | D:3      | Reached skill level 4 in Spellcasting
  1801 | D:3      | Reached XP level 6. HP: 32/40 MP: 0/0
  3409 | D:1      | Found a faded altar of an unknown god.
  4174 | D:4      | Noticed Ijyb
  4184 | D:4      | Killed Ijyb
  4189 | D:4      | Reached skill level 5 in Spellcasting
  4310 | D:4      | Reached XP level 7. HP: 16/45 MP: 0/0
  4310 | D:4      | Learned a level 3 spell: Teleport Other
  4694 | D:4      | Found Dotiq's Book Boutique.
  4977 | D:4      | Found a runed translucent door.
  4978 | D:4      | Noticed Crazy Yiuf
  5416 | D:5      | Entered Level 5 of the Dungeon
  5576 | D:5      | Reached skill level 6 in Spellcasting
  5607 | D:5      | Reached XP level 8. HP: 11/50 MP: 0/0
  5887 | D:5      | Found a snail-covered altar of Cheibriados.
  5966 | D:5      | Noticed Menkaure
  5970 | D:5      | Killed Menkaure
  6189 | D:5      | Found a sacrificial altar of Ru.
  6494 | D:5      | Noticed Prince Ribbit
  6501 | D:5      | Killed Prince Ribbit
  6502 | D:5      | Reached skill level 7 in Spellcasting
  6649 | D:5      | Found a glowing golden altar of the Shining One.
  8557 | D:6      | Noticed Edmund
  8562 | D:6      | Killed Edmund
  8573 | D:6      | Reached XP level 9. HP: 38/55 MP: 0/0
  8573 | D:6      | Learned a level 4 spell: Olgreb's Toxic Radiance
  8711 | D:6      | Reached skill level 8 in Spellcasting
  8839 | D:6      | Found a staircase to the Ecumenical Temple.
  9271 | D:6      | Found a stormy altar of Qazlal.
  9396 | D:6      | Became a worshipper of Qazlal Stormbringer
  9873 | D:7      | Reached skill level 9 in Spellcasting
 10170 | D:7      | Noticed Pikel
 10175 | D:7      | Killed Pikel
 10193 | D:7      | Reached XP level 10. HP: 41/60 MP: 0/0
 10899 | D:8      | Reached skill level 10 in Spellcasting
 10980 | D:8      | Reached * piety under Qazlal
 11104 | D:8      | Found a bloodstained altar of Trog.
 11107 | D:8      | Found a shadowy altar of Dithmenos.
 12046 | Temple   | Entered the Ecumenical Temple
 12693 | D:9      | Reached skill level 11 in Spellcasting
 13294 | D:9      | Reached skill level 1 in Shields
 13414 | D:9      | Found a staircase to the Orcish Mines.
 13738 | D:10     | Entered Level 10 of the Dungeon
 13814 | D:10     | Noticed a gargoyle
 13821 | D:10     | Killed a gargoyle
 13824 | D:10     | Noticed a cyclops
 13827 | D:10     | Noticed a centaur warrior
 13830 | D:10     | HP: 3/60 [spore (10)]
 13831 | D:10     | Shot with an arrow by a centaur warrior

Illustrated notes

Levels and vault maps discovered:
D:1:      elethiomel_arrival_maze, layout_basic,
          hellmonk_ecumenical_altar_dog_temple
D:2:      layout_loops_cross, serial_bayou_ford_a, minivault_26
D:3:      layout_basic, minmay_misc_feat_more_columns
D:4:      layout_basic, serial_shops, nicolae_square_shop,
          uniq_crazy_yiuf_cottage, uniq_ijyb
D:5:      layout_basic, kennysheep_slug_shrine, amcnicky_altar_gilded,
          lemuel_coloured_pillars_altar, minmay_manual_mares,
          uniq_prince_ribbit1, uniq_menkaure
D:6:      layout_cave_pools, gammafunk_temple_overflow_wave,
          minmay_temple_entry_mist, grunt_decor_fettered, uniq_edmund
D:7:      layout_rooms, uniq_pikel
D:8:      layout_loops_ring, gammafunk_temple_overflow_claw,
          kennysheep_big_empty_room
D:9:      layout_irregular_city, orc_0_dummy
D:10:     minmay_bloctagon, layout_loops_ring, lair_entry_dummy
Temple:   dpeg_chambers_temple

Skill      XL: |  1  2  3  4  5  6  7  8  9 10 |
---------------+-------------------------------+-----
Spellcasting   | 3 4 5 6 7 9 11 | 11.3
Stealth        | 2 3 4 |  4.8
Dodging        | 3 |  3.6
Shields        | 1 |  1.5
Fighting       | |  0.1

Action                   |  1- 3 |  4- 6 |  7- 9 | 10-12 || total
-------------------------+-------+-------+-------+-------++-------
Melee: Mace              |       |       |     5 |       ||     5
 Cast: Foxfire           |    61 |   175 |   352 |   148 ||   736
       Scorch            |       |     6 |     8 |    16 ||    30
       Inner Flame       |       |     8 |    24 |    40 ||    72
       Olgreb's Toxic Ra |       |       |       |     1 ||     1
  Use: Scroll            |       |       |       |     1 ||     1
Armor: Robe              |     3 |     4 |     2 |     1 ||    10
       Ring mail         |       |       |       |     1 ||     1
Dodge: Dodged            |     5 |    19 |    10 |     5 ||    39
Block: Other             |       |       |       |     7 ||     7
       Reflection        |       |       |       |     1 ||     1
